Map: Pillars of Gold LE

Players

goblin - Winner!

  • Race: Protoss Protoss
  • League: Grandmaster
  • Spawn Location: 7:00

HeroMarine

  • Race: Terran Terran
  • League: Grandmaster
  • Spawn Location: 1:00

Event: DreamHack SC2 Masters 2020 Winter

VOD

Have the link to the VOD?

Description

Time

  • Played on: Oct. 22, 2020, 11:33 a.m.
  • Length: 15:13

All games in this series

Show
View Real Time Build Order
Export as new Build Order

goblin Protoss - Winner!

Build Orders: 1 Gate Expand, Phoenix Opening 

Get SALT Encoding   

  12  0:00  Probe  
  13  0:12  Probe  
  14  0:18  Pylon  
  14  0:24  Probe (Chrono Boost)  
  15  0:37  Probe (Chrono Boost)  
  15  0:39  Gateway  
  16  0:45  Probe (Chrono Boost)  
  16  0:48  Assimilator  
  17  0:51  Probe  
  18  1:03  Probe  
  19  1:15  Probe  
  20  1:25  Cybernetics Core  
  20  1:37  Nexus  
  20  1:44  Pylon  
  21  1:47  Probe  
  21  1:54  Assimilator  
  21  1:59  Probe  
  21  2:00  Adept (Chrono Boost)  
  24  2:12  Probe  
  25  2:23  Stalker  
  25  2:24  Probe  
  27  2:36  Stargate  
  27  2:37  Probe (Chrono Boost)  
  27  2:40  Warp Gate  
  28  2:48  Probe (Chrono Boost)  
  28  2:49  Probe (Chrono Boost)  
  30  2:56  Stalker  
  30  2:58  Probe x2 (Chrono Boost)  
  34  3:03  Probe (Chrono Boost)  
  35  3:06  Probe  
  36  3:15  Probe  
  36  3:16  Shield Battery  
  36  3:18  Probe  
  36  3:19  Phoenix (Chrono Boost)  
  40  3:27  Probe  
  40  3:30  Probe  
  40  3:33  Pylon  
  42  3:39  Probe  
  42  3:40  Phoenix (Chrono Boost)  
  45  3:42  Probe  
  46  3:51  Probe  
  46  3:52  Twilight Council  
  46  3:54  Probe  
  48  4:03  Probe, Phoenix (Chrono Boost)  
  48  4:06  Probe  
  52  4:15  Probe  
  53  4:19  Probe  
  54  4:27  Pylon  
  54  4:33  Gateway  
  54  4:34  Gateway  
  54  4:42  Oracle (Chrono Boost), Nexus  
  54  4:44  Pylon  
  53  4:48  Assimilator  
  53  4:54  Probe  
  54  5:09  Robotics Facility  
  54  5:11  Probe x2  
  54  5:21  Phoenix  
  56  5:23  Probe  
  56  5:27  Probe  
  58  5:31  Zealot x3  
  58  5:32  Charge  
  64  5:35  Probe  
  64  5:39  Probe (Chrono Boost)  
  63  5:47  Phoenix  
  63  5:48  Probe (Chrono Boost)  
  66  5:51  Probe (Chrono Boost)  
  69  5:58  Probe x2 (Chrono Boost)  
  69  6:00  Probe (Chrono Boost)  
  70  6:06  Probe (Chrono Boost)  
  70  6:07  Probe (Chrono Boost)  
  70  6:08  Probe (Chrono Boost)  
  70  6:09  Gateway  
  70  6:10  Gateway  
  70  6:11  Probe (Chrono Boost), Gateway  
  73  6:12  Phoenix  
  73  6:14  Probe  
  73  6:17  Probe (Chrono Boost)  
  73  6:18  Observer  
  79  6:19  Pylon  
  79  6:22  Probe (Chrono Boost)  
  80  6:29  Probe (Chrono Boost)  
  80  6:31  Probe (Chrono Boost)  
  83  6:34  Probe (Chrono Boost)  
  83  6:35  Pylon  
  83  6:37  Phoenix  
  83  6:38  Probe (Chrono Boost)  
  87  6:40  Probe (Chrono Boost)  
  87  6:42  Probe  
  87  6:44  Probe  
  87  6:46  Observer  
  90  6:54  Pylon  
  90  6:55  Sentry, Zealot x2  
  90  7:00  Observer  
  96  7:02  Phoenix, Forge  
  96  7:03  Pylon  
  98  7:14  Zealot x3  
  98  7:15  Zealot x2  
  108  7:20  Pylon  
  108  7:21  Pylon  
  108  7:26  Phoenix  
  110  7:30  Zealot  
  112  7:37  Protoss Ground Armor Level 1 (Chrono Boost)  
  112  7:43  Zealot x5  
  112  7:44  Pylon, Nexus  
  122  7:51  Gateway  
  122  7:54  Gateway  
  122  8:01  Zealot  
  122  8:03  Zealot x4  
  122  8:04  Zealot  
  134  8:12  Phoenix  
  136  8:20  Observer  
  136  8:32  Zealot x4  
  140  8:35  Pylon x2  
  140  8:37  Phoenix  
  138  8:52  Gateway  
  138  8:53  Gateway  
  138  8:58  Pylon  
  138  9:02  Phoenix  
  136  9:09  Zealot  
  136  9:10  Zealot x7  
  150  9:17  Probe x2  
  150  9:18  Probe x2  
  150  9:19  Robotics Bay, Assimilator x2, Forge  
  150  9:21  Robotics Facility, Protoss Ground Weapons Level 1  
  154  9:27  Phoenix  
  154  9:35  Probe x3 (Chrono Boost)  
  154  9:37  Probe (Chrono Boost)  
  158  9:45  Probe x3 (Chrono Boost)  
  144  10:06  Observer  
  134  10:07  Protoss Ground Armor Level 2 (Chrono Boost)  
  134  10:11  Zealot x8, Colossus x2 (Chrono Boost)  
  134  10:12  Zealot  
  138  10:17  Observer  
  138  10:20  Extended Thermal Lance  
  134  10:22  Probe  
  134  10:26  Pylon  
  135  10:29  Stalker  
  135  10:31  Probe  
  135  10:32  Probe, Zealot, Assimilator  
  135  10:33  Zealot x8  
  135  10:35  Assimilator  
  145  10:53  Zealot  
  145  10:54  Zealot x4  
  145  10:56  Colossus (Chrono Boost)  
  143  10:59  Zealot x4  
  137  11:06  Colossus (Chrono Boost)  
  139  11:15  Zealot  
  139  11:16  Zealot x5  
  139  11:29  Phoenix (Chrono Boost), Observer  
  141  11:40  Warp Prism (Chrono Boost), Protoss Ground Weapons Level 2 (Chrono Boost)  
  141  11:41  Nexus  
  141  11:42  Pylon  
  141  11:43  Stalker, Sentry  
  141  11:44  Stalker, Zealot  
  153  11:55  Oracle (Chrono Boost)  
  153  12:00  Gravitic Drive  
  154  12:05  Pylon  
  150  12:08  Stalker x2  
  150  12:09  Stalker, Observer  
  156  12:18  Zealot x4  
  164  12:23  Observer  
  164  12:25  Phoenix (Chrono Boost)  
  164  12:35  Zealot x5  
  164  12:37  Stalker  
  173  12:47  Phoenix (Chrono Boost), Zealot x2  
  173  12:48  Zealot  
  167  13:00  Observer  
  167  13:04  Zealot x7  
  163  13:18  Disruptor x2 (Chrono Boost)  
  169  13:20  Dark Shrine  
  169  13:25  Sentry  
  171  13:33  Stalker x4  
  179  13:38  Stalker x4  
  179  13:41  Shield Battery  
  187  13:42  Shield Battery  
  187  13:44  Shield Battery  
  187  13:46  Disruptor x2 (Chrono Boost)  
  175  13:56  Stalker x4  
  177  14:07  Zealot  
  177  14:08  Zealot x5  
  163  14:16  Colossus (Chrono Boost)  
  138  14:23  Stalker x2  
  138  14:24  Zealot x2  
  152  14:37  Stalker x3, Zealot  
  160  14:48  Zealot x3  
  138  15:00  Zealot x5  
  149  15:07  Zealot x2  
  149  15:08  Zealot  
Show
View Real Time Build Order
Export as new Build Order

HeroMarine Terran 

Build Orders:  

Get SALT Encoding   

  12  0:00  SCV  
  13  0:12  SCV  
  14  0:17  Supply Depot  
  14  0:24  SCV  
  15  0:39  SCV  
  15  0:40  Barracks  
  16  0:45  Refinery  
  16  0:51  SCV  
  17  1:03  SCV  
  18  1:15  SCV  
  19  1:27  Orbital Command, Marine  
  20  1:49  Command Center  
  20  1:53  SCV  
  21  2:01  Factory  
  21  2:05  SCV  
  22  2:09  Barracks Reactor  
  22  2:14  Supply Depot  
  22  2:17  SCV  
  23  2:27  Refinery  
  23  2:35  SCV  
  24  2:46  Starport  
  24  2:48  SCV  
  27  2:51  Hellion x2  
  28  3:00  SCV  
  29  3:12  SCV  
  30  3:15  Widow Mine x2  
  30  3:16  Orbital Command  
  34  3:22  Medivac  
  34  3:24  SCV  
  37  3:31  Supply Depot  
  37  3:36  SCV  
  37  3:37  Widow Mine x2  
  42  3:42  SCV  
  42  3:46  Armory  
  43  3:48  SCV  
  43  3:54  SCV  
  45  3:58  Widow Mine  
  45  4:00  Widow Mine  
  45  4:01  Barracks Tech Lab  
  45  4:02  SCV  
  50  4:06  SCV  
  51  4:14  SCV  
  52  4:18  SCV  
  53  4:24  Supply Depot  
  53  4:28  SCV  
  53  4:30  SCV  
  53  4:31  Marine x2  
  53  4:38  Cyclone  
  54  4:42  SCV x2, Command Center  
  54  4:49  Marine x2  
  56  4:54  SCV x2  
  56  4:57  Barracks  
  56  5:01  Barracks  
  58  5:07  SCV, Marine x2  
  58  5:08  SCV  
  58  5:11  Supply Depot, Starport Tech Lab  
  58  5:14  Engineering Bay  
  60  5:17  Engineering Bay  
  60  5:19  SCV  
  60  5:20  SCV  
  62  5:28  Siege Tank  
  61  5:31  SCV  
  61  5:33  SCV  
  63  5:37  Starport Reactor  
  61  5:43  Stimpack, Marine  
  61  5:44  Barracks Tech Lab  
  61  5:45  Barracks  
  61  5:48  Barracks  
  62  5:51  Terran Infantry Weapons Level 1, Terran Infantry Armor Level 1  
  62  5:54  Refinery  
  62  5:55  Orbital Command  
  62  5:56  Marine x2  
  62  5:58  Refinery  
  62  6:01  SCV  
  62  6:02  SCV  
  62  6:03  Marine x2  
  66  6:14  SCV x2, Marine x2  
  68  6:19  Combat Shield  
  68  6:21  Missile Turret, Marine x2  
  68  6:22  Factory Reactor  
  68  6:23  SCV  
  71  6:26  SCV x2  
  71  6:32  Supply Depot  
  73  6:35  SCV, Supply Depot  
  73  6:36  Marine x2  
  73  6:38  SCV x2  
  78  6:40  Starport Reactor  
  78  6:43  Marine x2  
  78  6:44  Marine x2  
  78  6:46  Marine  
  80  6:47  SCV  
  80  6:50  SCV, Supply Depot  
  80  6:53  Supply Depot  
  82  6:54  Marine x2  
  82  6:57  Missile Turret  
  82  7:00  Orbital Command, Widow Mine  
  82  7:01  Widow Mine  
  88  7:02  SCV x2  
  88  7:03  Marine x2  
  91  7:10  Marauder x2  
  91  7:14  SCV x2  
  97  7:17  Medivac  
  97  7:18  Missile Turret, Marauder  
  97  7:20  Medivac  
  103  7:27  SCV  
  103  7:28  SCV x2  
  106  7:30  Supply Depot  
  106  7:34  Marauder x2  
  110  7:38  Widow Mine  
  110  7:39  Marauder, Widow Mine  
  116  7:44  Supply Depot  
  116  7:48  Supply Depot  
  116  7:50  Supply Depot  
  116  7:52  Medivac x2, Missile Turret  
  116  7:53  SCV x2  
  116  7:55  SCV  
  116  7:57  Marauder  
  122  8:05  SCV x2, Marine  
  120  8:06  Marine x2  
  120  8:07  Marauder x2  
  120  8:08  Marine  
  130  8:14  Terran Infantry Weapons Level 2  
  130  8:18  Marine  
  130  8:23  Marine  
  130  8:24  Marine x2  
  130  8:25  Widow Mine x2  
  130  8:26  Medivac x2, Marine  
  126  8:28  Marine x2  
  127  8:36  Marine  
  123  8:41  Marine x3  
  123  8:44  Marine  
  123  8:46  Widow Mine, Marine x2, Ghost Academy  
  123  8:47  SCV x3, Widow Mine  
  123  8:48  Refinery x2  
  127  8:54  Marauder  
  129  8:59  SCV x2, Marine x3  
  129  9:02  Marine  
  121  9:03  Marine  
  121  9:04  Marine  
  121  9:08  Widow Mine x2  
  124  9:11  Medivac  
  124  9:14  Medivac  
  124  9:15  Marine  
  128  9:17  Marine x3  
  128  9:19  Marine  
  128  9:21  Marine x2  
  134  9:28  SCV  
  134  9:29  SCV x2, Widow Mine x2  
  134  9:30  Supply Depot  
  134  9:31  Supply Depot  
  141  9:33  Marine  
  141  9:34  Marine  
  141  9:35  Marine  
  141  9:36  Terran Infantry Armor Level 2  
  141  9:37  Marine  
  145  9:39  Marine  
  145  9:40  SCV, Marine x2  
  145  9:44  Bunker  
  149  9:45  Supply Depot  
  149  9:48  SCV x2  
  149  9:51  Widow Mine  
  145  9:53  Marine  
  145  9:59  Marine  
  127  10:01  SCV x3  
  127  10:03  Marine x4  
  127  10:05  Widow Mine  
  123  10:13  SCV x2, Widow Mine  
  112  10:14  SCV  
  112  10:16  Marine x2  
  112  10:17  Marine  
  112  10:20  Marine  
  112  10:21  Marine x2  
  118  10:27  Widow Mine  
  121  10:29  Medivac x2  
  121  10:33  SCV x2  
  121  10:34  Enhanced Shockwaves  
  127  10:36  Widow Mine  
  127  10:37  SCV  
  127  10:41  Marine  
  127  10:42  Marine x2  
  133  10:44  Marine  
  133  10:46  SCV  
  133  10:49  SCV  
  131  10:50  Marine x2  
  131  10:51  Marine  
  131  10:52  SCV  
  125  10:58  SCV  
  125  11:02  Medivac  
  125  11:03  SCV, Medivac, Widow Mine x2  
  118  11:08  Marauder x2, Marine x2  
  118  11:09  Marine  
  118  11:10  Marauder  
  120  11:11  Marine  
  111  11:21  Starport  
  111  11:22  Supply Depot  
  111  11:26  Marine x2  
  111  11:27  Marine  
  111  11:29  Marauder  
  111  11:30  Marauder  
  111  11:31  Marauder  
  111  11:32  Medivac x2  
  120  11:33  Marine  
  120  11:38  Missile Turret  
  125  11:41  Missile Turret  
  125  11:44  Marine x2  
  125  11:45  Marine  
  128  11:50  Ghost x2  
  128  11:51  Marine  
  128  11:53  Ghost  
  135  12:02  Viking, Marine x2  
  135  12:03  Marine  
  135  12:04  Viking  
  135  12:08  Viking  
  144  12:09  Marine  
  144  12:13  Viking  
  147  12:19  Marauder, Marine  
  147  12:20  Marine  
  147  12:21  Marine  
  152  12:24  Marauder  
  154  12:32  Viking  
  154  12:34  Viking  
  158  12:38  Viking  
  158  12:42  Concussive Shells  
  164  12:44  Marauder x2, Marine x4  
  164  12:48  Supply Depot  
  164  12:49  Viking, Supply Depot  
  168  12:55  Marauder  
  167  13:04  Viking  
  167  13:05  Marauder x2  
  167  13:10  Marine  
  167  13:12  Bunker  
  168  13:14  Viking  
  168  13:16  Marauder  
  168  13:18  Viking  
  174  13:21  Marine x2  
  174  13:23  Marine  
  174  13:27  Marauder x2  
  181  13:30  Viking  
  183  13:34  Marine  
  183  13:37  Marine  
  183  13:39  Marine x2  
  168  14:08  Marauder x2, Marine x2  
  168  14:09  Marauder  
  147  14:11  Viking  
  147  14:12  Marine x2  
  129  14:18  Liberator  
  132  14:25  Marine  
  132  14:26  Viking, Marine  
  132  14:30  Viking  
  138  14:35  Marauder  
  138  14:37  Marauder  
  136  14:41  Marauder  
Tags
 
Add a new tag
Caveats
  • Supply blocks, unpowered buildings, or Contaminate may cause inaccurate times.
  • Supply counts are checked every 10 seconds.